 Dungeon Crawl Stone Soup version 0.31.0-11-ge490571c62 (webtiles) character file.

Game seed: 10557550734942185046

85 gohu the Chopper (level 4, -3/40 HPs)
             Began as a Hill Orc Fighter on Jan 26, 2024.
             Slain by Sigmund
             ... wielding a +1 scythe of flaming
              (5 damage)
             ... on level 3 of the Dungeon.
             The game lasted 00:03:22 (2067 turns).

gohu the Chopper (Hill Orc Fighter)                 Turns: 2067, Time: 00:03:23

Health: -3/40      AC: 10    Str: 20    XL:     4   Next: 48%
Magic:  4/4        EV:  9    Int:  8    God:
Gold:   148        SH:  4    Dex: 10    Spells: 3/3 levels left

rFire   . . .        a - +0 war axe
rCold   . . .        c - +0 buckler
rNeg    . . .        b - +0 scale mail
rPois   .            k - +0 helmet
rElec   .            (no cloak)
rCorr   .            j - +0 pair of gloves
SInv    .            g - +0 pair of boots
Will    .....        (no amulet) Stlth
                     (no ring)
HPRegen 0.26/turn    (no ring)
MPRegen 0.09/turn

%: no passive effects
@: no status effects
A: no striking features
a: no special abilities


You were on level 3 of the Dungeon.
You visited 1 branch of the dungeon, and saw 4 of its levels.

You collected 148 gold pieces.

Inventory:

Hand Weapons
 a - a +0 war axe (weapon)
Missiles
 n - a javelin (quivered)
Armour
 b - a +0 scale mail (worn)
 c - a +0 buckler (worn)
 g - a +0 pair of boots (worn)
 j - a +0 pair of gloves (worn)
 k - a +0 helmet (worn)
Jewellery
 i - a ring of magical power
Wands
 p - a wand of acid (10)
Scrolls
 f - 2 scrolls of vulnerability {unknown}
 h - a scroll of fear {unknown}
 l - 3 scrolls of teleportation {unknown}
 q - 2 scrolls of amnesia {unknown}
 r - a scroll of poison {unknown}
Potions
 d - a potion of might
 e - a potion of lignification {unknown}
 m - a potion of mutation {unknown}
 o - a potion of berserk rage {unknown}


   Skills:
 + Level 4.0 Fighting
 * Level 4.9 Axes
 + Level 3.7 Armour
 + Level 3.6 Shields


You had 3 spell levels left.
You didn't know any spells.
Your spell library was empty.

Dungeon Overview and Level Annotations

Branches:
Dungeon (4/15)
 Temple: D:4-7

Altars:

Annotations:
D:3 Sigmund


Message History

Deactivating autopickup; reactivate with Ctrl-A.
You bump into the rock wall.
Something hits you but does no damage.
You barely miss something.
You hear some strange, mumbled words.
Something tries to affect you, but you resist.
You hit something but do no damage. Something hits you but does no damage.
You bump into the rock wall.
You bump into the rock wall.
You feel less confused. Something hits you. Something burns you.
You closely miss something.
You hear some strange, mumbled words.
You are confused.
You closely miss something. Something hits you but does no damage.
You bump into the rock wall.
Something completely misses you.
You closely miss something.
You hear some strange, mumbled words.
Something tries to affect you, but you resist.
You miss something. Something hits you but does no damage.
You completely miss something.
You feel less confused. Something hits you but does no damage.
You closely miss something. Something hits you but does no damage.
You miss something. You completely miss something. Something hits you!
* * * LOW HITPOINT WARNING * * *
Something burns you.
* * * LOW HITPOINT WARNING * * *
You slash something!
You hear some strange, mumbled words.
A puff of flame appears from out of thin air!
The puff of flame hits you.
* * * LOW HITPOINT WARNING * * *
You barely miss something. Something hits you.
* * * LOW HITPOINT WARNING * * *
Something burns you.
* * * LOW HITPOINT WARNING * * *
You barely miss something. Something hits you but does no damage.
You miss something. Something hits you.
You die...

####...#####......
##.................
#...)>.............
#..##...#####......
#..##...# #......
#..##...# #......
#..##...# #...#.#
#{.##...# #...#.#
#.@##...# ##+# .
#..###### #..# #..#
#.(# #..# #..# #..#
#..#


There were no monsters in sight!

Vanquished Creatures
  2 adders (D:2)
  A dart slug (D:2)
  2 ribbon worms (D:2)
  2 orcs
  6 bats
  8 endoplasms
  7 goblins
  4 hobgoblins
  4 kobolds
  5 quokkas
  7 ball pythons
  2 frilled lizards
  5 rats
55 creatures vanquished.

Notes
Turn   | Place    | Note
-------+----------+-------------------------------------------
     0 | D:1      | gohu the Hill Orc Fighter began the quest for the Orb.
     0 | D:1      | Reached XP level 1. HP: 19/19 MP: 1/1
   144 | D:1      | Reached XP level 2. HP: 27/27 MP: 2/2
   861 | D:1      | Reached XP level 3. HP: 29/33 MP: 3/3
  1430 | D:2      | Reached XP level 4. HP: 40/40 MP: 4/4
  2020 | D:3      | Noticed Sigmund
  2065 | D:3      | HP: 2/40 [something (1)]
  2067 | D:3      | Slain by Sigmund

Illustrated notes

Levels and vault maps discovered:
D:1:      psy_arrival_radial01, layout_basic, minmay_strange_pillars,
          minmay_shallow_snake_nest
D:2:      layout_basic, minmay_increasing_density
D:3:      layout_basic, serial_shops, nicolae_shop_back_alley_shop,
          serial_rivers, chequers_serial_rivers_room_a,
          chequers_serial_rivers_small_b, chequers_serial_rivers_micro_a,
          chequers_serial_rivers_micro_b, uniq_sigmund
D:4:      gammafunk_wand_slinger, layout_layer_cave,
          pdpol_wu_jian_five_deadly_venoms

Skill      XL: |  1  2  3 |
---------------+----------+-----
Axes           | 3 4 |  4.9
Fighting       | 4 |  4.0
Armour         | |  3.7
Shields        | |  3.6

Action                     |  1- 3 |  4- 6 || total
---------------------------+-------+-------++-------
  Melee: War axe           |   105 |    81 ||   186
  Throw: Javelin           |       |     3 ||     3
 Armour: Scale mail        |    71 |    59 ||   130
  Dodge: Dodged            |    54 |    34 ||    88
  Block: Buckler           |    27 |    12 ||    39
